 Dungeon Crawl Stone Soup version 0.28-a0-21-gf74fda84f9 (webtiles) character file.

Game seed: 14557229335663465165

224 gimp the Skirmisher (level 6, -1/51 HPs)
             Began as a Formicid Wanderer on July 27, 2021.
             Slain by Pikel (3 damage)
             ... on level 3 of the Dungeon.
             The game lasted 00:05:23 (3522 turns).

gimp the Skirmisher (Formicid Wanderer)             Turns: 3522, Time: 00:05:24

Health: -1/51      AC:  9    Str: 17 (20) XL:     6   Next: 20%
Magic:  6/6        EV:  7    Int: 11 (12) God:
Gold:   115        SH:  0    Dex:  5 (8)  Spells: 5/5 levels left

rFire   . . .      SeeInvis +   a - +2 spear
rCold   . . .      Faith    .   (no shield)
rNeg    . . .      Spirit   .   r - +0 chain mail
rPois   .          Reflect  .   (helmet unavailable)
rElec   .          Harm     .   (no cloak)
rCorr   .          Rampage  .   (no gloves)
Will    .....                   (no boots)
Stlth   ..........              (no amulet)
HPRegen 0.17/turn               (no ring)
MPRegen 0.10/turn               (no ring)

@: mighty, attractive
A: permanent stasis, dig shafts and tunnels, antennae 3, four strong arms
a: Dig, Shaft Self


You were on level 3 of the Dungeon.
You visited 1 branch of the dungeon, and saw 4 of its levels.

You collected 115 gold pieces.

Inventory:

Hand Weapons
 a - a +2 spear (weapon)
Missiles
 e - 8 atropa-tipped darts
 s - 6 curare-tipped darts
Armour
 d - a +0 robe
 r - a +0 chain mail (worn)
Wands
 o - a wand of flame (21)
Scrolls
 f - 2 scrolls of torment {unknown}
 h - a scroll of amnesia {unknown}
 i - a scroll of noise {unknown}
 k - a scroll of enchant weapon {unknown}
 l - 2 scrolls of identify {unknown}
 m - a scroll of teleportation {unknown}
 n - 2 scrolls of enchant armour {unknown}
Potions
 p - a potion of haste


   Skills:
 - Level 5.0 Fighting
 - Level 2.0 Polearms
 + Level 4.1 Armour
 - Level 1.0 Dodging
 - Level 1.2 Shields
 - Level 2.0 Summonings
 - Level 1.1 Transmutations
 - Level 1.1 Evocations


You had 5 spell levels left.
You didn't know any spells.
Your spell library contained the following spells:

 Spells                   Type           Power      Damage    Failure   Level
 Sandblast                Erth           0%         2d4       99%         1
 Sting                    Tmut/Pois      4%         1d3       99%         1
 Passwall                 Tmut/Erth      0%         N/A       99%         2
 Poisonous Vapours        Pois/Air       0%         N/A       100%        2
 Dazzling Flash           Conj/Hex       0%         N/A       100%        3
 Olgreb's Toxic Radiance  Pois           0%         N/A       100%        4
 Agony                    Necr           0%         N/A       100%        5
 Lee's Rapid Deconstruct  Erth           0%         3d5*      100%        5
 Silence                  Hex/Air        0%         N/A       100%        5


Dungeon Overview and Level Annotations

Branches:
Dungeon (4/15)
 Temple: D:4-7

Altars:

Annotations:
D:2 Sigmund
D:3 1 runed translucent door, Crazy Yiuf, Pikel


Innate Abilities, Weirdness & Mutations

You cannot be hasted, slowed, berserked, paralysed or teleported.
You can dig through walls and to a lower floor.
You have a pair of large antennae on your head. (SInv)
Your four strong arms can wield two-handed weapons with a shield.


Message History

Pikel hits you with a +2 whip of flaming.
* * * LOW HITPOINT WARNING * * *
Pikel burns you.
* * * LOW HITPOINT WARNING * * *
You take 2 damage, and have 13/76 hp.
It was a potion of might.
You feel very mighty all of a sudden. Pikel hits you but does no damage.
It was a potion of attraction.
You feel attractive to monsters.
You feel less wooden.
Your +0 chain mail unmelds from your body.
Pikel barely misses you.
You now have 9/51 hp.
Reach: a) +2 spear
Press: ? - help, Dir - move target, f - Pikel
Aim: Pikel, wielding a +2 whip of flaming, wearing a +0 robe and carrying a wand of iceblast (7) (moderately wounded, about 49% to evade your +2 spear)
You closely miss Pikel.
Pikel is moderately wounded.
Pikel hits you with a +2 whip of flaming.
* * * LOW HITPOINT WARNING * * *
Pikel burns you.
* * * LOW HITPOINT WARNING * * *
You take 5 damage, and have 4/51 hp.
You feel better. Pikel closely misses you.
You regained 7 hp, and now have 11/51 hp.
Reach: a) +2 spear
Press: ? - help, Dir - move target, f/p - Pikel
Aim: Pikel, wielding a +2 whip of flaming, wearing a +0 robe and carrying a wand of iceblast (7) (moderately wounded, about 49% to evade your +2 spear)
You puncture Pikel!
Pikel is heavily wounded.
Pikel hits you but does no damage.
Reach: a) +2 spear
Press: ? - help, Dir - move target, f/p - Pikel
Aim: Pikel, wielding a +2 whip of flaming, wearing a +0 robe and carrying a wand of iceblast (7) (heavily wounded, about 47% to evade your +2 spear)
You hit Pikel.
Pikel is severely wounded.
Pikel hits you with a +2 whip of flaming!
* * * LOW HITPOINT WARNING * * *
Pikel burns you.
You die...

.........##.......#
#.##.##.#
..#...............#
#.......#
..######.##.......#
###...### ###
#....##.......# #.#.#
#####.#####.......# #...#
......# ######### ##.##
####..# #.#
..##..############### ##.#
#.##.......##..K@...###..#
#.##.#####.##.#####.##...##
.......# #.##.########....#
..####.# #.##.##..# #....#
).####.###.......## #P.PP#
.........####.##.## ##.#.#
....##.#.# #..>..# ##.##
.......#.# ####### ##.#
......##.# #.##


You could see Pikel.

Vanquished Creatures
  A lemure (D:3)
  A wyvern skeleton (D:4)
  Jessica (D:3)
  Ijyb (D:3)
  3 gnolls
  4 adders
  2 dart slugs (D:3)
  An orc (D:3)
  5 endoplasms
  3 giant cockroaches
  9 goblins
  2 hobgoblins
  6 kobolds
  2 quokkas
  A ball python (D:3)
  4 bats
  6 frilled lizards
  6 rats
58 creatures vanquished.

Vanquished Creatures (others)
  2 fungi (D:3)
2 creatures vanquished.

Grand Total: 60 creatures vanquished

Notes
Turn   | Place    | Note
-------+----------+-------------------------------------------
     0 | D:1      | gimp the Formicid Wanderer began the quest for the Orb.
     0 | D:1      | gimp set off with the following items: a +2 spear, a potion
                  | of lignification, a potion of curing, a +0 robe
     0 | D:1      | Reached XP level 1. HP: 16/16 MP: 1/1
   470 | D:1      | Reached XP level 2. HP: 15/23 MP: 2/2
   582 | D:1      | Reached skill level 3 in Fighting
   943 | D:2      | Reached XP level 3. HP: 29/29 MP: 3/3
  1083 | D:2      | Reached skill level 4 in Fighting
  1176 | D:2      | Found a faded altar of an unknown god.
  1364 | D:2      | Reached XP level 4. HP: 36/38 MP: 4/4
  1433 | D:2      | Noticed Sigmund
  1672 | D:3      | Noticed Jessica
  1678 | D:3      | Killed Jessica
  1679 | D:3      | Reached skill level 5 in Fighting
  1795 | D:3      | Reached skill level 1 in Armour
  2061 | D:3      | Reached XP level 5. HP: 42/44 MP: 5/5
  2340 | D:3      | Noticed Ijyb
  2394 | D:3      | Killed Ijyb
  2623 | D:3      | Found a runed translucent door.
  2624 | D:3      | Noticed Crazy Yiuf
  3177 | D:4      | Reached XP level 6. HP: 51/51 MP: 6/6
  3475 | D:4      | Noticed Pikel
  3522 | D:3      | HP: 2/51 [Pikel (9)]
  3522 | D:3      | Slain by Pikel

Illustrated notes

Levels and vault maps discovered:
D:1:      dpeg_arrival_tiny_a, layout_basic
D:2:      layout_loops_cross, ebering_ecumenical_altar_mist, uniq_sigmund
D:3:      layout_loops_cross, uniq_crazy_yiuf_cottage, uniq_jessica, uniq_ijyb
D:4:      gammafunk_cloud_chamber, layout_loops_ring, serial_shops,
          nicolae_shop_behind_doors, uniq_pikel

Skill      XL: |  1  2  3  4  5  6 |
---------------+-------------------+-----
Fighting       | 3 4 5 |  5.0
Armour         | 1 3 4 |  4.1
Polearms       | |  2.0
Dodging        | |  1.0
Shields        | |  1.2
Summonings     | |  2.0
Transmutations | |  1.1
Evocations     | |  1.1

Action                   |  1- 3 |  4- 6 || total
-------------------------+-------+-------++-------
Melee: Spear             |    65 |   192 ||   257
 Abil: Dig               |       |     1 ||     1
  Use: Potion            |       |     7 ||     7
Armor: Robe              |    12 |    11 ||    23
       Chain mail        |       |    44 ||    44
       Skin              |       |    11 ||    11
Dodge: Dodged            |    33 |    71 ||   104

Table legend: (Time is in decaauts)
 A = Elapsed time spent in this place.
 B = Non-inter-level travel time spent in this place.
 C = Inter-level travel time spent in this place.
 D = Time resting spent in this place.
 E = Time spent auto-exploring this place.
 F = Levels seen in this place.
 G = Mean time per level.
                   A        B        C        D        E       F      G
               +--------+--------+--------+--------+--------+-----+--------+
         Total |   3528 |   3374 |    154 |    770 |   1999 |   4 |  882.0 |
       Dungeon |   3528 |   3374 |    154 |    770 |   1999 |   4 |  882.0 |
               +--------+--------+--------+--------+--------+-----+--------+

Top non-repeatable levels by time:
     D:3: 1808 daAuts
     D:1: 952 daAuts
     D:2: 564 daAuts
     D:4: 202 daAuts
